 Dungeon Crawl Stone Soup version 0.18-a0-1745-gffa9a88 (webtiles) character file.

164 vev the Cudgeler (level 5, -6/49 HPs)
             Began as an Ogre Arcane Marksman on Apr 11, 2016.
             Mangled by a gnoll
             ... wielding a +0 halberd
              (15 damage)
             ... on level 2 of the Dungeon.
             The game lasted 00:08:26 (3223 turns).

vev the Cudgeler (Ogre Arcane Marksman)             Turns: 3223, Time: 00:08:27

Health: -6/49      AC:  3    Str: 16    XL:     5   Next: 45%
Magic:  3/6        EV: 10    Int: 12    God:
Gold:   114        SH:  0    Dex: 10    Spells: 1 memorised, 5 levels left

rFire  . . .     SeeInvis .     e - +0 whip
rCold  . . .     Gourm    .     a - +0 robe
rNeg   . . .     Faith    .     (no shield)
rPois  .         Spirit   .     (helmet restricted)
rElec  .         Dismiss  .     (no cloak)
rCorr  .         Reflect  .     (gloves unavailable)
SustAt .         Harm     .     (boots unavailable)
MR     .....                    (no amulet)
Stlth  +.........               (no ring)
                                (no ring)

@: very slightly contaminated, not resistant to hostile enchantments, very
unstealthy
A: unfitting armour, tough skin 1
a: no special abilities


You were on level 2 of the Dungeon.
You were hungry.

You visited 1 branch of the dungeon, and saw 3 of its levels.

You collected 114 gold pieces.

Inventory:

Hand Weapons
 e - a +0 whip (weapon)
Missiles
 d - 3 throwing nets (quivered)
 i - 3 javelins
Armour
 a - a +0 robe (worn)
Scrolls
 k - a scroll of amnesia {unknown}
Potions
 g - 3 potions of curing {unknown}
 l - a potion of cure mutation {unknown}
Books
 b - a book of Debilitation

   Spells                             Type                      Level
   a - Corona                         Hexes                        1
   b - Slow                           Hexes                        2
   c - Gell's Gravitas                Hexes/Translocation          3
   d - Inner Flame                    Hexes/Fire                   3
   e - Cause Fear                     Hexes                        4
   f - Leda's Liquefaction            Hexes/Earth                  4
Comestibles
 f - a bread ration
 h - a beef jerky
 j - a meat ration
 m - 4 chunks of flesh


   Skills:
 - Level 2.1 Fighting
 + Level 6.3 Maces & Flails
 - Level 2.0 Throwing
 - Level 1.7 Dodging
 - Level 1.2 Spellcasting
 - Level 2.1 Hexes


You had 5 spell levels left.
You knew the following spells:

 Your Spells              Type           Power        Failure   Level  Hunger
a - Corona                Hex            #......      14%         1    ##.....


Dungeon Overview and Level Annotations

Branches:
Dungeon (3/15)

Altars:
Yredelemnul


Innate Abilities, Weirdness & Mutations

You are too large for most types of armour.
You have tough skin (AC +1).


Message History

You throw a large rock. The large rock hits the gnoll.
The gnoll is lightly wounded.
The gnoll hits you with a whip. The gnoll hits you with a whip!
Throwing (i - inventory. (,) - cycle):
c - a large rock (quivered)
Press: ? - help, Shift-Dir - straight line, f/p - gnoll
Aim: a gnoll, wielding a halberd You throw a large rock.
The large rock hits the gnoll!!
You kill the gnoll!
The gnoll hits you from afar with a halberd!
The gnoll throws a throwing net.
The throwing net hits you.
You become entangled in the net!
You see here a throwing net.
You struggle against the net.
You struggle against the net.
The gnoll hits you from afar with a halberd!
* * * LOW HITPOINT WARNING * * *
You struggle against the net.
The gnoll barely misses you.
You rip the net and break free!
The gnoll misses you.
The gnoll hits you from afar with a halberd!
You die...

#.# #...P.......♣♣.§§♣§♣..♣ #.#
##.P......♣..♣♣♣♣§♣P... ##.#
#PP..###.PP..♣♣§♣P♣... #.>#
#P.P.#.#..♣P♣§P♣♣♣.♣.. ##..#
#P...#)#..P♣.♣♣P.♣♣... #...#
#.P.....)....PP.♣..... ##.#.#
##..P.g.......PP.♣...#
#..#.####.P.......8....P♣....#
##.##.........@...............#
#..##...###...♣....8..♣P.P.....
##.###...#
#..♣..♣..P..♣♣(..#... #..#
#.### #P♣♣.♣♣♣...♣....#..).
#.## #..# #♣(.♣♣..P..♣P..#....P
#.# ##.## ♣..P...P♣P♣♣.........
#.# #..# ♣♣♣.P♣♣.P♣♣P.(P.)..P.
##.# ##.## ♣.♣P...♣.....#'#.)..
#..# #..# ♣♣♣.P.♣♣♣P...#.#....


You could see a gnoll.

Vanquished Creatures
  Ijyb (D:2)
  An adder (D:2)
  6 gnolls (D:2)
  2 worms (D:2)
  5 giant geckos
  A ball python (D:2)
  5 giant cockroaches
  7 goblins
  2 hobgoblins (D:1)
  4 jackals
  8 kobolds
  4 quokkas (D:2)
  3 bats (D:2)
  3 giant newts
  8 rats
60 creatures vanquished.

Vanquished Creatures (others)
  3 plants (D:2)
3 creatures vanquished.

Grand Total: 63 creatures vanquished

Notes
Turn   | Place    | Note
--------------------------------------------------------------
     0 | D:1      | vev the Ogre Arcane Marksman began the quest for the Orb.
     0 | D:1      | Reached XP level 1. HP: 19/19 MP: 2/2
   216 | D:1      | Reached skill level 1 in Maces & Flails
   245 | D:1      | Reached XP level 2. HP: 24/28 MP: 3/3
   443 | D:1      | Reached skill level 2 in Maces & Flails
   932 | D:2      | Reached XP level 3. HP: 5/35 MP: 4/4
  1036 | D:2      | Reached skill level 3 in Maces & Flails
  1376 | D:2      | Reached skill level 4 in Maces & Flails
  1708 | D:2      | Reached XP level 4. HP: 21/42 MP: 5/5
  1937 | D:2      | Found a basalt altar of Yredelemnul.
  2101 | D:2      | Reached skill level 5 in Maces & Flails
  2884 | D:3      | Reached XP level 5. HP: 47/49 MP: 6/6
  2907 | D:3      | Noticed Ijyb
  2933 | D:2      | Killed Ijyb
  2933 | D:2      | Reached skill level 6 in Maces & Flails
  3223 | D:2      | Mangled by a gnoll

Vault maps used:
D:1:      nicolae_arrival_washed_ashore
D:2:      wad_woods_settlement, lemuel_coloured_pillars_altar,
          grunt_decor_resistance
D:3:      uniq_iyjb

Skill      XL: |  1  2  3  4  5 |
---------------+----------------+-----
Fighting       | 2 |  2.1
Maces & Flails | 1 2 4 5 6 |  6.3
Throwing       | |  2.0
Dodging        | |  1.7
Spellcasting   | |  1.2
Hexes          | |  2.1

Action                   |  1- 3 |  4- 6 || total
-------------------------+-------+-------++-------
Melee: Whip              |   115 |    85 ||   200
       Unarmed           |    15 |       ||    15
Throw: Large rock        |    11 |    15 ||    26
       Throwing net      |     1 |     2 ||     3
 Cast: Corona            |       |     7 ||     7
  Eat: Chunk             |     3 |     4 ||     7
